 Dungeon Crawl Stone Soup version 0.28-a0-580-ga2639ab843 (webtiles) character file.

Game seed: 2830438568024062724

5238 timneilson the Blocker (level 10, -5/61 HPs)
             Began as a Gargoyle Fighter on Oct 2, 2021.
             Was a Priest of Okawaru.
             Slain by a shadow (31 damage)
             ... on level 10 of the Dungeon.
             The game lasted 00:18:47 (10399 turns).

timneilson the Blocker (Gargoyle Fighter)          Turns: 10399, Time: 00:18:49

Health: -5/61      AC: 23    Str: 24    XL:     10   Next: 61%
Magic:  12/12      EV:  9    Int: 13    God:    Okawaru [***...]
Gold:   400        SH: 13    Dex: 15    Spells: 9/9 levels left

rFire   + . .      SeeInvis .   a - +1 long sword
rCold   . . .      Faith    .   p - +2 kite shield
rNeg    + . .      Spirit   .   y - +0 chain mail
rPois   ∞          Reflect  .   s - +0 helmet
rElec   +          Harm     .   e - +1 cloak
rCorr   +          Rampage  .   x - +0 pair of gloves
Will    +....                   (no boots)
Stlth   ..........              (no amulet)
HPRegen 0.20/turn               k - ring "Afauhott" {rF+ Will+ rCorr Int+5}
MPRegen 0.13/turn               b - +6 ring of dexterity

@: no status effects
A: sickness immunity, AC +7, negative energy resistance 1, electricity
resistance, torment resistance 1, petrification resistance
a: Renounce Religion, Heroism


You were on level 10 of the Dungeon.
You worshipped Okawaru.
Okawaru was most pleased with you.
You visited 2 branches of the dungeon, and saw 11 of its levels.

You collected 400 gold pieces.

Inventory:

Hand Weapons
 a - a +1 long sword (weapon)
Armour
 e - a +1 cloak (worn)
 p - a +2 kite shield (worn)
 s - a +0 helmet (worn)
 u - a +0 plate armour
 x - a +0 pair of gloves (worn)
 y - a +0 chain mail (worn)
Jewellery
 b - a +6 ring of dexterity (right hand)
 k - the ring "Afauhott" (left hand) {rF+ Will+ rCorr Int+5}
   (You acquired it on level 4 of the Dungeon)

   [ring of willpower]

   Int:       It affects your intelligence (+5).
   rF:        It protects you from fire.
   rCorr:     It protects you from acid and corrosion.
   Will:      It increases your willpower.
 m - a ring of willpower
Wands
 o - a wand of iceblast (5)
 t - a wand of polymorph (9)
 v - a wand of flame (73)
Scrolls
 c - 2 scrolls of noise
 d - 4 scrolls of teleportation
 q - 2 scrolls of amnesia
 w - 2 scrolls of identify
 A - a scroll of enchant armour
 C - a scroll of fear
Potions
 f - 3 potions of heal wounds
 g - 2 potions of invisibility
 h - 2 potions of lignification
 i - 5 potions of brilliance
 j - 2 potions of attraction
 l - a potion of ambrosia
 n - 6 potions of curing
 r - a potion of might
 z - a potion of haste


   Skills:
 + Level 6.4 Fighting
 * Level 6.9 Long Blades
 * Level 8.6 Armour
 + Level 3.9 Dodging
 * Level 8.6 Shields
 + Level 3.0 Invocations
 + Level 3.7 Evocations


You had 9 spell levels left.
You didn't know any spells.
Your spell library contained the following spells:

 Spells                   Type           Power      Damage    Failure   Level
 Sandblast                Erth           0%         2d4       99%         1
 Corpse Rot               Necr/Air       N/A        N/A       99%         2
 Ensorcelled Hibernation  Hex/Ice        0%         N/A       99%         2
 Passwall                 Tmut/Erth      0%         N/A       99%         2
 Poisonous Vapours        Pois/Air       0%         N/A       99%         2
 Slow                     Hex            0%         N/A       99%         2
 Confusing Touch          Hex            0%         N/A       100%        3
 Frozen Ramparts          Ice            0%         1d2       100%        3
 Gell's Gravitas          Tloc           0%         N/A       100%        3
 Lesser Beckoning         Tloc           0%         N/A       100%        3
 Spider Form              Tmut/Pois      0%         N/A       100%        3
 Stone Arrow              Conj/Erth      0%         3d7       100%        3
 Teleport Other           Tloc           0%         N/A       100%        3
 Ice Form                 Ice/Tmut       0%         N/A       100%        4
 Petrify                  Tmut/Erth      0%         N/A       100%        4
 Blade Hands              Tmut           0%         N/A       100%        5
 Irradiate                Conj/Tmut      0%         3d13      100%        5
 Metabolic Englaciation   Hex/Ice        0%         N/A       100%        5
 Yara's Violent Unravell  Hex/Tmut       0%         3d3       100%        5
 Iron Shot                Conj/Erth      0%         9d1       100%        6
 Sublimation of Blood     Necr           Unusable   N/A       N/A         2
 Animate Armour           Summ/Erth      Unusable   N/A       N/A         4
 Summon Ice Beast         Ice/Summ       Unusable   N/A       N/A         4
 Statue Form              Tmut/Erth      Unusable   N/A       N/A         6

Dungeon Overview and Level Annotations

Branches:
Dungeon (10/15)            Temple (1/1) D:7
   Lair: D:8-11         Orc: D:9-12

Altars:
Ashenzari
Cheibriados
Dithmenos
Elyvilon
Fedhas
Gozag
Kikubaaqudgha
Makhleb
Nemelex Xobeh
Okawaru
Qazlal
Ru
Sif Muna
Trog
Uskayaw
Vehumet
Wu Jian
Xom
Zin
The Shining One

Shops:
D:2 ?   D:5 =   D:7 (


Innate Abilities, Weirdness & Mutations

You are immune to sickness and miasma.
Your stone body is resilient. (AC +7)
You are immune to poison.
You resist negative energy. (rN+)
You are resistant to electric shocks. (rElec)
You are resistant to unholy torment.
You are immune to petrification.


Message History

Done exploring.
Done exploring.
As you read the scroll labelled BAUNANLUNEP, it crumbles to dust.
The scroll dissolves into smoke.
It was a scroll of fog.
As you read the scroll of identify, it crumbles to dust.
z - a potion of haste
There is a stone staircase leading down here.
You climb downwards.
There is a stone staircase leading up here.
A shadow comes into view.
Found a scroll of teleportation.
A centaur comes into view.
The centaur shouts!
The shadow slips into darkness.
The shadow flickers and vanishes!
Deactivating autopickup; reactivate with Ctrl-A.
The centaur wields a +0 shortbow.
The centaur shoots an arrow.
The arrow barely misses you.
Found 14 gold pieces and 16 stones.
Found a stone staircase leading up.
The shadow strikes at you from the darkness!
Reactivating autopickup.
You closely miss the shadow. The shadow hits you. The shadow barely misses you.
You closely miss the shadow.
The shadow slips into darkness.
The shadow flickers and vanishes!
Deactivating autopickup; reactivate with Ctrl-A.
You closely miss something.
The centaur shoots an arrow. x2
The shadow strikes at you from the darkness!
Reactivating autopickup.
You slash the shadow!
The shadow is almost destroyed.
The shadow hits you.
You barely miss the shadow.
The shadow is almost destroyed.
The shadow slips into darkness.
The shadow flickers and vanishes!
Deactivating autopickup; reactivate with Ctrl-A.
The shadow strikes at you from the darkness!
Ouch! That really hurt!
You die...

#..#.....#....#
#.###...###...#
#..#..#..#....#
##...###......#
##.## ##..####
##...## ....#
#..#..#..#...#
#.###...###..#
#..#@.#..#...
##c{..##...#+
....#.........
.....?..........
......#.........
......##......<.
..... #.......
.... ...$(..


You could see a centaur.

Vanquished Creatures
  Psyche (D:8)
  Grinder (D:5)
  Sigmund (D:2)
  A shadow (D:9)
  4 yaks (D:9)
  2 wyverns (D:7)
  Edmund (D:5)
  Duvessa (D:5)
  A water moccasin (D:7)
  2 orc warriors
  A black bear (D:6)
  An ogre (D:4)
  2 necrophages
  3 centaurs
  2 phantoms
  2 kobold brigands (D:8)
  4 bullfrogs
  2 gnoll sergeants
  2 scorpions
  Dowan (D:5)
  A water moccasin zombie (D:5)
  A wyvern skeleton (D:7)
  A water moccasin skeleton (D:5)
  2 howler monkeys (D:8)
  12 wights
  An electric eel (D:9)
  A bullfrog skeleton (D:6)
  2 centaur skeletons
  2 hounds
  An orc priest (D:8)
  Crazy Yiuf (D:3)
  A gnoll shaman (D:9)
  3 iguanas
  Natasha (twice) (D:2)
  4 orc wizards
  3 killer bee zombies
  2 howler monkey zombies
  15 gnolls
  11 adders
  2 shadow imps
  An ufetubus (D:6)
  An adder skeleton (D:4)
  2 worms
  2 dart slugs (D:3)
  27 orcs
  3 endoplasms
  3 giant cockroaches
  11 goblins
  11 hobgoblins
  13 jackals
  2 quokkas
  5 ball pythons
  4 bats
  3 frilled lizards
  15 kobolds
  4 rats
210 creatures vanquished.

Vanquished Creatures (others)
  3 kobolds (D:8)
  7 plants (D:3)
10 creatures vanquished.

Grand Total: 220 creatures vanquished

Notes
Turn   | Place    | Note
-------+----------+-------------------------------------------
     0 | D:1      | timneilson the Gargoyle Fighter began the quest for the
                  | Orb.
     0 | D:1      | Reached XP level 1. HP: 14/14 MP: 1/1
   323 | D:1      | Reached XP level 2. HP: 19/19 MP: 2/2
   949 | D:1      | Reached XP level 3. HP: 15/23 MP: 3/3
  1438 | D:2      | Found Reobauts's Magic Scroll Emporium.
  1544 | D:2      | Noticed Natasha
  1550 | D:2      | Killed Natasha
  1551 | D:2      | Reached XP level 4. HP: 26/28 MP: 4/4
  2091 | D:2      | Noticed Sigmund
  2110 | D:2      | Killed Sigmund
  2111 | D:2      | Reached skill level 1 in Dodging
  2111 | D:2      | Reached XP level 5. HP: 25/33 MP: 5/5
  2111 | D:2      | Reached XP level 6. HP: 29/38 MP: 6/6
  2461 | D:2      | Noticed Natasha
  2479 | D:2      | Killed Natasha
  3650 | D:3      | Found a runed translucent door.
  3651 | D:3      | Noticed Crazy Yiuf
  3882 | D:3      | Killed Crazy Yiuf
  4221 | D:4      | Reached skill level 5 in Armour
  4221 | D:4      | Reached skill level 5 in Shields
  4221 | D:4      | Reached XP level 7. HP: 11/43 MP: 7/7
  4653 | D:4      | Found a sacrificial altar of Ru.
  4936 | D:4      | Found a bloodstained altar of Trog.
  5269 | D:4      | Found a radiant altar of Vehumet.
  5370 | D:4      | Identified a scroll of acquirement
  5370 | D:4      | Acquired the ring "Afauhott" {rF+ Will+ rCorr Int+5}
  5380 | D:5      | Entered Level 5 of the Dungeon
  5473 | D:5      | Noticed Grinder
  5489 | D:5      | Killed Grinder
  5490 | D:5      | Reached XP level 8. HP: 46/48 MP: 8/8
  5524 | D:5      | Noticed Edmund
  5557 | D:5      | Killed Edmund
  5558 | D:5      | Reached skill level 1 in Evocations
  5804 | D:5      | Noticed Duvessa
  5809 | D:5      | Noticed Dowan
  5817 | D:5      | Killed Duvessa
  5835 | D:5      | Killed Dowan
  6011 | D:5      | Reached skill level 5 in Fighting
  6236 | D:5      | Found Icyune's Jewellery Emporium.
  6331 | D:6      | Reached skill level 5 in Long Blades
  6548 | D:6      | Reached XP level 9. HP: 32/54 MP: 9/9
  7058 | D:7      | Found a staircase to the Ecumenical Temple.
  7071 | D:7      | Found Umach's Weapon Shop.
  7080 | Temple   | Entered the Ecumenical Temple
  7294 | Temple   | Became a worshipper of Warmaster Okawaru
  7774 | D:7      | Reached skill level 1 in Invocations
  7836 | D:7      | Reached * piety under Okawaru
  8656 | D:8      | Reached XP level 10. HP: 42/60 MP: 11/11
  8806 | D:8      | Found an ancient bone altar of Kikubaaqudgha.
  8860 | D:8      | Found a stormy altar of Qazlal.
  9005 | D:8      | Noticed Psyche
  9028 | D:8      | Killed Psyche
  9080 | D:8      | Found a snail-covered altar of Cheibriados.
  9099 | D:8      | Reached ** piety under Okawaru
  9882 | D:9      | Reached *** piety under Okawaru
 10377 | D:10     | Entered Level 10 of the Dungeon
 10399 | D:10     | Slain by a shadow

Illustrated notes

Levels and vault maps discovered:
D:1:      dpeg_arrival_water_temple_mockup, layout_basic, minmay_hedge_maze
D:2:      layout_loops_corners, serial_shops, nicolae_shop_statue_plus,
          guppyfry_early_orc_mine, uniq_sigmund, uniq_natasha
D:3:      layout_loops_ring, minmay_misc_feat_tiny, guppyfry_early_lair_pool,
          uniq_crazy_yiuf_cottage
D:4:      layout_cave_pools, bloody_trog, nicolae_ru_sacrificial_ziggurat,
          general_overflow_altar, hangedman_decor_slide_cut
D:5:      layout_basic, serial_shops, shop, uniq_duvessa, uniq_edmund,
          uniq_grinder
D:6:      layout_rooms
D:7:      layout_cave_pods, temple_green, serial_shops, shop,
          minmay_starry_boxes
D:8:      layout_loops_ring, old_standard_altar,
          mainiacjoe_overflow_catwalk_spiral, uniq_psyche
D:9:      layout_basic
D:10:     layout_roguey, nzn_hepliaklqana_mist_gate, lemuel_crystal_altar,
          due_lair_maze_entry_diamond, minmay_strange_pillars
Temple:   dpeg_chambers_temple

Skill      XL: |  1  2  3  4  5  6  7  8  9 10 |
---------------+-------------------------------+-----
Long Blades    | 2 3 4 5 6 |  6.9
Armour         | 4 5 6 7 8 |  8.6
Shields        | 4 5 6 7 8 |  8.6
Dodging        | 1 2 3 |  3.9
Fighting       | 4 5 6 |  6.4
Evocations     | 2 3 |  3.7
Invocations    | 2 3 |  3.0

Action                   |  1- 3 |  4- 6 |  7- 9 | 10-12 || total
-------------------------+-------+-------+-------+-------++-------
Melee: Long sword        |   123 |   191 |   480 |   220 ||  1014
Invok: Heroism           |       |       |     1 |     3 ||     4
  Use: Scroll            |     2 |     2 |    12 |     3 ||    19
       Potion            |       |     1 |     4 |     1 ||     6
Armor: Scale mail        |    88 |   114 |   176 |       ||   378
       Chain mail        |       |       |    51 |    78 ||   129
       Skin              |       |       |       |     4 ||     4
Dodge: Dodged            |    73 |   114 |   222 |    58 ||   467
Block: Buckler           |    39 |    47 |   101 |       ||   187
       Kite shield       |       |       |    19 |   127 ||   146

Table legend: (Time is in decaauts)
 A = Elapsed time spent in this place.
 B = Non-inter-level travel time spent in this place.
 C = Inter-level travel time spent in this place.
 D = Time resting spent in this place.
 E = Time spent auto-exploring this place.
 F = Levels seen in this place.
 G = Mean time per level.
                   A        B        C        D        E       F      G
               +--------+--------+--------+--------+--------+-----+--------+
         Total |  10573 |  10363 |    210 |    747 |   7193 |  11 |  961.2 |
       Dungeon |  10325 |  10134 |    191 |    747 |   6991 |  10 | 1032.5 |
        Temple |    247 |    228 |     19 |      0 |    202 |   1 |  247.0 |
               +--------+--------+--------+--------+--------+-----+--------+

Top non-repeatable levels by time:
     D:2: 1757 daAuts
     D:3: 1382 daAuts
     D:1: 1207 daAuts
     D:7: 1162 daAuts
     D:4: 1127 daAuts
     D:8: 1092 daAuts
     D:9: 960 daAuts
     D:5: 953 daAuts
     D:6: 660 daAuts
  Temple: 247 daAuts
    D:10: 22 daAuts
